 Dungeon Crawl Stone Soup version 0.18-a0-382-gd7addec (webtiles) character file.

352 Arkorax the Insei (level 6, 0/45 HPs)
             Began as an Octopode Transmuter on Dec 1, 2015.
             Slain by a killer bee (2 damage)
             ... on level 4 of the Dungeon.
             The game lasted 00:07:17 (3241 turns).

Arkorax the Insei (Octopode Transmuter)             Turns: 3241, Time: 00:07:18

Health: 0/45       AC:  8    Str: 10      XL:     6   Next: 61%
Magic:  7/9        EV: 10    Int: 16      God:
Gold:   112        SH:  0    Dex: 10 (13) Spells: 2 memorised, 4 levels left

rFire  . . .     SeeInvis .       - Unarmed
rCold  + + +     Clarity  .     (shield currently unavailable)
rNeg   + . .     SustAt   .     (helmet currently unavailable)
rPois  +         Gourm    .     (no amulet)
rElec  .         Spirit   .     f - ring of protection from fire
rCorr  .         Warding  .     l - +3 ring of protection
rMut   .         Stasis   .     o - ring of positive energy
MR     .....                    (no ring)
Stlth  +.........               (no ring)
                                (no ring)
                                (no ring)
                                (no ring)

@: lethally poisoned (0 -> -13), ice-form, not resistant to hostile
enchantments, very unstealthy
A: almost no armour, amphibious, 8 rings, (constrict 8), (camouflage 0),
(gelatinous body 0)
a: End Transformation


You were on level 4 of the Dungeon.
You were not hungry.
You were a creature of crystalline ice.
You visited 1 branch of the dungeon, and saw 4 of its levels.

You collected 112 gold pieces.

Inventory:

Hand Weapons
 s - a +2 bardiche
Missiles
 a - 76 arrows
Jewellery
 f - a ring of protection from fire (left front paw)
 l - a +3 ring of protection (right front paw)
 o - a ring of positive energy (on tentacle)
Wands
 t - a wand of magic darts (21)
Scrolls
 k - a scroll of recharging {unknown}
 m - a scroll of enchant armour {unknown}
 q - 3 scrolls of identify
Potions
 e - a potion of mutation
 h - 3 potions of flight
Books
 b - a book of Changes

   Spells                             Type                      Level
   a - Beastly Appendage              Transmutation                1
   b - Sticks to Snakes               Transmutation                2
   c - Spider Form                    Transmutation/Poison         3
   d - Ice Form                       Ice/Transmutation            4
   e - Blade Hands                    Transmutation                5
Comestibles
 c - 4 bread rations
 i - 4 meat rations
 j - a beef jerky


   Skills:
 - Level 1.0 Fighting
 - Level 2.0 Dodging
 + Level 4.7 Unarmed Combat
 - Level 2.0 Spellcasting
 * Level 4.5 Transmutations
 * Level 3.1 Ice Magic


You had 4 spell levels left.
You knew the following spells:

 Your Spells              Type           Power        Failure   Level  Hunger
a - Beastly Appendage     Trmt           ###...       3%          1    #......
b - Ice Form              Ice/Trmt       ##......     50%         4    #####..


Dungeon Overview and Level Annotations

Branches:
Dungeon (4/15)
 Temple: D:4-7

Altars:
Xom

Annotations:
D:3 Grinder


Innate Abilities, Weirdness & Mutations

You cannot wear most types of armour.
You are amphibious.
You can wear up to eight rings at the same time.
((You can use your tentacles to constrict eight enemies at once.))
((Your skin changes colour to match your surroundings (Stealth).))
((Your rubbery body absorbs attacks (AC +1).))


Message History

The killer bee stings you.
* * * LOW HITPOINT WARNING * * *
You are more poisoned.
The killer bee poisons you! The killer bee barely misses you.
The killer bee stings you.
* * * LOW HITPOINT WARNING * * *
Drink which item? (? for menu, Esc to quit)
It was a potion of degeneration.
There was something very wrong with that liquid.
You feel clumsy.
Your surroundings seem slightly different.
* * * LOW HITPOINT WARNING * * *
You feel sick.
Drink which item? (? for menu, Esc to quit)
It was a potion of cure mutation.
It has a very clean taste.
You feel an ache in your throat.
You feel frail.
Your magic regains its normal vibrancy.
* * * LOW HITPOINT WARNING * * *
You feel sick. The killer bee stings you.
You die...

#.#####..#####........##
##..##...#####.........##
##........##...........#### #
#...........>............#####.
###...###.........§......>.......
.....## ##.<....y................
.....# ##.......†.y..............
.....###....#....y..............y
..#...#.<.###...Y.....##....##.y
.###.....####..##....####..## ..
## ##....###..###...## #..# #.
##...###..## #...# #..# #.
#........## ##..## #..# #.
##.......## ##..## #..# #(
##........# ##..## #..# #.
##..##.....###..## #..## ##
...###.........## ##..####y


You could see 3 killer bees.

Vanquished Creatures
  2 killer bees (D:4)
  A crimson imp (D:4)
  A centaur skeleton (D:3)
  Ijyb (D:3)
  A worker ant (D:4)
  A gnoll (D:2)
  5 adders
  3 oozes
  2 worms
  4 orcs (D:3)
  3 ball pythons
  2 giant cockroaches (D:1)
  5 hobgoblins
  6 jackals
  A quokka (D:2)
  9 bats
  3 giant geckos
  4 giant newts
  6 goblins
  A jackal skeleton (D:4)
  6 kobolds
  9 rats
76 creatures vanquished.

Vanquished Creatures (others)
  A gnoll (D:1)
1 creature vanquished.

Grand Total: 77 creatures vanquished

Notes
Turn   | Place    | Note
--------------------------------------------------------------
     0 | D:1      | Arkorax the Octopode Transmuter began the quest for the Orb.
     0 | D:1      | Reached XP level 1. HP: 13/13 MP: 3/3
   236 | D:1      | Reached XP level 2. HP: 18/18 MP: 5/5
  1111 | D:2      | Reached XP level 3. HP: 15/23 MP: 4/6
  1581 | D:2      | Reached skill level 4 in Unarmed Combat
  1607 | D:2      | Reached XP level 4. HP: 25/28 MP: 7/7
  1683 | D:2      | Learned a level 4 spell: Ice Form
  1949 | D:3      | Reached skill level 1 in Ice Magic
  1949 | D:3      | Reached XP level 5. HP: 29/33 MP: 6/8
  2130 | D:3      | Found a shimmering altar of Xom.
  2161 | D:3      | Noticed Ijyb
  2171 | D:3      | Killed Ijyb
  2438 | D:3      | Noticed Grinder
  2593 | D:4      | Reached XP level 6. HP: 34/38 MP: 7/9
  3239 | D:4      | Gained mutation: You are robust (+10% HP). [potion of mutation]
  3239 | D:4      | Gained mutation: Your spells are a little easier to cast, but a little less powerful. [potion of mutation]
  3239 | D:4      | Gained mutation: You can spit weak poison. [potion of mutation]
  3241 | D:4      | Lost mutation: You can spit weak poison. [potion of cure mutation]
  3241 | D:4      | Lost mutation: You are robust (+10% HP). [potion of cure mutation]
  3241 | D:4      | Lost mutation: Your spells are a little easier to cast, but a little less powerful. [potion of cure mutation]
  3241 | D:4      | HP: 2/45 [poisoned by a killer bee]
  3241 | D:4      | Slain by a killer bee

Vault maps used:
D:1:      saegor_arrival_miasma
D:2:      first_bread, grunt_ministairs_9
D:3:      xom_teletrap_fun, gup_sewer_entry_bubbles, minmay_misc_feat_hallway,
          nrook_loot_triangle, lemuel_blue_sif_altar, uniq_grinder, uniq_iyjb
D:4:      kennysheep_mini_moat, nicolae_dithmenos_the_darkroom

Action                   |  1- 3 |  4- 6 || total
-------------------------+-------+-------++-------
Melee: Unarmed           |    75 |   132 ||   207
 Cast: Beastly Appendage |     6 |    12 ||    18
       Ice Form          |       |     1 ||     1
  Use: Scroll            |       |     7 ||     7
       Potion            |       |     5 ||     5
 Stab: Sleeping          |     7 |     7 ||    14
  Eat: Chunk             |     2 |     3 ||     5
       Bread ration      |       |     1 ||     1
